 Dungeon Crawl Stone Soup version 0.26.0-10-g1f06aea511 (webtiles) character file.

Game seed: 2856510843732681071

2 sanka the Sneak (level 1, -1/21 HPs)
             Began as a Naga Delver on Jan 20, 2021.
             Slain by an orc priest
             ... wielding a +0 mace
              (6 damage)
             ... on level 5 of the Dungeon.
             The game lasted 00:00:14 (81 turns).

sanka the Sneak (Naga Delver)                         Turns: 81, Time: 00:00:15

Health: -1/21      AC:  1    Str: 14    XL:     1   Next: 30%
Magic:  1/1        EV:  9    Int: 10    God:
Gold:   0          SH:  0    Dex: 12    Spells: 0/0 levels left

rFire    . . .     SeeInvis +   a - +0 hand axe
rCold    . . .     Faith    .   (no shield)
rNeg     . . .     Spirit   .   b - +0 leather armour
rPois    +         Reflect  .   (no helmet)
rElec    .         Harm     .   (no cloak)
rCorr    .         Rampage  .   (no gloves)
Will     .....                  (no barding)
Stlth    +++.......             (no amulet)
HPRegen  0.07/turn              (no ring)
MPRegen  0.07/turn              (no ring)

@: short of breath, very slow
A: large, see invisible, deformed body, poison resistance, slowness 2, spit
poison 1, AC +0
a: Spit Poison


You were on level 5 of the Dungeon.
You visited 1 branch of the dungeon, and saw 1 of its levels.


Innate Abilities, Weirdness & Mutations

You cannot wear boots.
Your serpentine skin is tough. (AC +0)
You have supernaturally acute eyesight. (SInv)
Armour fits poorly on your strangely shaped body.
Your system is resistant to poisons. (rPois)
You cover ground very slowly.
You can spit poison.


   Skills:
 - Level 3.0 Fighting
 - Level 2.0 Axes
 - Level 1.5 Dodging
 + Level 7.4 Stealth


You couldn't memorise any spells.
You didn't know any spells.
Your spell library was empty.

Inventory:

Hand Weapons
 a - a +0 hand axe (weapon)
Armour
 b - a +0 leather armour (worn)
Wands
 g - a wand of digging (3)
Scrolls
 c - a scroll of fog
 d - a scroll of magic mapping
 e - a scroll of fear
 h - a scroll of vulnerability {unknown}
Potions
 f - a potion of haste {@q3}

Dungeon Overview and Level Annotations

Branches:
Dungeon (5/15)
 Temple: D:4-7

Altars:

▒▒.▒▒...▒▒▒'▒▒▒
.......▒▒▒'▒▒▒▒▒▒▒....▒
........▒.......>......▒
........▒..............▒
........▒..............▒
........▒..............▒
........▒..............▒
........▒..............▒
........oN.............▒
........▒▒▒▒▒▒▒▒▒▒▒▒...▒
▒▒▒▒▒▒▒.....▒ ▒▒▒▒▒
+.....+ ▒.....▒ ▒o....▒
▒!....▒ ...............
........o......


You could see an orc priest.


Message History

The orc shouts!
The orc hits you with a +0 mace.
There is an open door here.
Use which ability? (? or * to list)
Aim: an orc, wielding a +0 mace You fail to use your ability.
The orc hits you with a +0 mace!
* * * LOW HITPOINT WARNING * * *
You hit the orc.
The orc is heavily wounded.
The orc hits you but does no damage.
You closely miss the orc.
The orc is heavily wounded.
The orc hits you with a +0 mace.
* * * LOW HITPOINT WARNING * * *
Unknown command.
You hit the orc.
The orc is severely wounded.
The orc closely misses you.
You hit the orc.
You kill the orc!
Unknown command.
Use which ability? (? or * to list)
Aim: an orc priest, wielding a +0 mace (wandering, hasn't noticed you)
The splash of poison misses the orc priest.
The orc priest shouts!
You slash the orc priest!
The orc priest is heavily wounded.
The orc priest hits you with a +0 mace.
You die...

Action                   || total
-------------------------++-------
Melee: Hand axe          ||     5
 Abil: Spit Poison       ||     1
Armor: Leather armour    ||     1
Dodge: Dodged            ||     1

Levels and vault maps discovered:
D:5:      layout_gridville, gammafunk_temple_overflow_forgotten, serial_shops,
          kennysheep_mini, nicolae_shop_waterfront, shop, shop,
          okawaru_ov_weapons_minmay

Notes
Turn   | Place    | Note
-------+----------+-------------------------------------------
     0 | D:5      | sanka the Naga Delver began the quest for the Orb.
     0 | D:5      | Reached XP level 1. HP: 21/21 MP: 1/1
    67 | D:5      | Noticed an orc priest
    81 | D:5      | Slain by an orc priest

Vanquished Creatures
  An orc (D:5)
1 creature vanquished.

Table legend: (Time is in decaauts)
 A = Elapsed time spent in this place.
 B = Non-inter-level travel time spent in this place.
 C = Inter-level travel time spent in this place.
 D = Time resting spent in this place.
 E = Time spent auto-exploring this place.
 F = Levels seen in this place.
 G = Mean time per level.
                   A        B        C        D        E       F      G
               +--------+--------+--------+--------+--------+-----+--------+
         Total |    109 |    109 |      0 |      0 |     89 |   1 |  109.0 |
       Dungeon |    109 |    109 |      0 |      0 |     89 |   1 |  109.0 |
               +--------+--------+--------+--------+--------+-----+--------+

Top non-repeatable levels by time:
     D:5: 109 daAuts
